 Dungeon Crawl Stone Soup version 0.31-a0-271-gb88eb75e06 (webtiles) character file.

Game seed: 13149245735321587407

28935 pokeman the Eclecticist (level 13, -33/70 HPs)
             Began as a Deep Elf Hedge Wizard on July 14, 2023.
             Was a High Priest of Vehumet.
             Annihilated by a boulder beetle (49 damage)
             ... on level 13 of the Dungeon.
             The game lasted 00:51:02 (16821 turns).

pokeman the Eclecticist (Deep Elf Hedge Wizard)    Turns: 16821, Time: 00:51:03

Health: -33/70     AC:  6    Str: 12    XL:     13   Next: 12%
Magic:  30/56      EV: 12    Int: 28    God:    Vehumet [*****.]
Gold:   1187       SH:  0    Dex: 14    Spells: 12/50 levels left

rFire   + . .        P - staff of fire
rCold   . . .        (no shield)
rNeg    + . .        v - +0 acid dragon scales
rPois   .            D - +0 helmet {Int+3}
rElec   .            G - scarf {shadows}
rCorr   +            h - +0 pair of gloves
SInv    .            V - +0 pair of boots "Sacatseo" {rN+ Str+5}
Will    +....        O - amulet of regeneration
Stlth   ++           n - ring of magical power
HPRegen 1.11/turn    w - ring of magical power
MPRegen 0.35/turn

%: no passive effects
@: about to teleport, corroded
A: no striking features
a: Renounce Religion


You were on level 13 of the Dungeon.
You worshipped Vehumet.
Vehumet was extremely pleased with you.
You visited 2 branches of the dungeon, and saw 14 of its levels.
You also visited: Bailey.

You collected 1459 gold pieces.
You spent 272 gold pieces at shops.

Inventory:

Hand Weapons
 k - a +0 dagger of electrocution
 t - a +1 dagger of venom
Missiles
 H - 2 curare-tipped darts
Armour
 a - +0 fire dragon scales
 h - a +0 pair of gloves (worn)
 v - +0 acid dragon scales (worn)
 z - a +2 robe of fire resistance
 D - a +0 helmet of intelligence (worn)
 G - a scarf of shadows (worn)
 V - the +0 pair of boots "Sacatseo" (worn) {rN+ Str+5}
   (You found it on level 11 of the Dungeon)

   Str:       It affects your strength (+5).
   rN:        It protects you from negative energy.
Magical Staves
 P - a staff of fire (weapon)
Jewellery
 c - a ring of protection from fire
 n - a ring of magical power (left hand)
 w - a ring of magical power (right hand)
 I - a ring of ice
 M - a ring of flight
 O - an amulet of regeneration (around neck)
Wands
 b - a wand of iceblast (7)
 p - a wand of quicksilver (11)
 s - a wand of polymorph (4)
 L - a wand of digging (4)
Scrolls
 m - 4 scrolls of teleportation
 K - 3 scrolls of revelation
 N - 2 scrolls of poison {unknown}
 U - 2 scrolls of blinking {unknown}
Potions
 d - 3 potions of magic
 q - a potion of berserk rage {unknown}
 C - 5 potions of curing
 J - a potion of brilliance {unknown}
 Q - 2 potions of heal wounds {unknown}
 R - 2 potions of invisibility {unknown}
 T - a potion of haste {unknown}
 X - a potion of attraction {unknown}


   Skills:
 - Level 4.0 Fighting
 - Level 4.0 Armour
 - Level 3.0 Dodging
 - Level 3.0 Stealth
 + Level 6.5 Shields
 * Level 19.3 Spellcasting
 + Level 11.6 Conjurations
 - Level 1.1 Summonings
 - Level 1.1 Translocations
 + Level 7.9 Fire Magic
 - Level 1.0 Air Magic
 - Level 1.1 Poison Magic
 - Level 1.0 Evocations


You had 12 spell levels left.
You knew the following spells:

 Your Spells              Type           Power      Damage    Failure   Level
a - Magic Dart            Conj           100%       1d8       0%          1
b - Mephitic Cloud        Conj/Pois/Air  52%        N/A       1%          3
c - Call Imp              Summ           66%        N/A       2%          2
d - Blink                 Tloc           66%        N/A       2%          2
e - Foxfire               Conj/Fire      100%       2x1d9     1%          1
f - Fireball              Conj/Fire      44%        3d18      1%          5
g - Iskenderun's Mystic   Conj/Tloc      58%        2d12      1%          4
h - Orb of Destruction    Conj           37%        9d11      4%          7
i - Iskenderun's Battles  Conj           75%        2d12      1%          5
j - Ignition              Fire           41%        3d12      78%         8

Your spell library contained the following spells:

 Spells                   Type           Power      Damage    Failure   Level
 Plasma Beam              Fire/Air       33%        2x1d46    16%         6
 Freeze                   Ice            100%       1d10      1%          1
 Kiss of Death            Conj/Necr      100%       2d13      1%          1
 Dazzling Flash           Conj/Hex       100%       N/A       1%          3
 Frozen Ramparts          Ice            54%        1d9       1%          3
 Hailstorm                Conj/Ice       56%        3d12      1%          3
 Ignite Poison            Fire/Tmut/Pois 60%        N/A       1%          3
 Inner Flame              Hex/Fire       65%        N/A       1%          3
 Fulminant Prism          Conj/Hex       28%        3d14      1%          4
 Sticky Flame             Conj/Fire      89%        2d10      1%          4
 Arcjolt                  Conj/Air       29%        1d39      1%          5
 Slow                     Hex            100%       N/A       2%          1
 Cigotuvi's Dreadful Rot  Necr/Pois/Air  62%        N/A       2%          2
 Confusing Touch          Hex            27%        N/A       7%          3
 Yara's Violent Unravell  Hex/Tmut       13%        3d7       16%         5
 Dispel Undead            Necr           27%        3d13      22%         4
 Death Channel            Necr           13%        N/A       98%         6
 Enfeeble                 Hex            13%        N/A       100%        7
 Haunt                    Necr/Summ      15%        N/A       100%        7
 Malign Gateway           Summ/Tloc      16%        N/A       100%        7
 Borgnjor's Revivificati  Necr           13%        N/A       100%        8
 Summon Horrible Things   Summ           16%        N/A       100%        8
 Chain Lightning          Conj/Air       29%        3d38      100%        9
 Death's Door             Necr           13%        N/A       100%        9


Dungeon Overview and Level Annotations

Branches:
Dungeon (13/15)            Temple (1/1) D:4            Lair (0/5) D:11
    Orc (0/2) D:11         Bailey (visited)
 Vaults: D:13-14

Altars:
Ashenzari
Cheibriados
Dithmenos
Elyvilon
Fedhas
Gozag
Hepliaklqana
Kikubaaqudgha
Makhleb
Nemelex Xobeh
Okawaru
Qazlal
Ru
Sif Muna
Trog
Uskayaw
Vehumet
Wu Jian
Xom
Yredelemnul
Zin
The Shining One

Shops:
D:4 *   D:6 (   D:9 [

Annotations:
D:13 Frances


Message History

Frances barely misses the acid dragon.
Frances hits herself with a +0 mace!!
A boulder beetle comes into view.
The deep elf pyromancer casts a spell.
The deep elf pyromancer blinks!
The brown ugly thing pecks you!
You are splashed with acid.
You resist.
Unknown command.
Unknown command.
As you read the scroll of teleportation, it crumbles to dust.
You feel strangely unstable.
A tengu warrior comes into view.
It is wielding a +2 dire flail and quivering silver boomerangs.
The brown ugly thing pecks you!
You are splashed with acid.
You resist.
Unknown command.
Casting: Blink (safe; 2% risk of failure)
Confirm with . or Enter, or press ? or * to list all spells.
You blink.
A death knight comes into view. It is wielding a +0 battleaxe.
The acid dragon spits acid at you. The splash of acid hits you! You resist.
* * * LOW HITPOINT WARNING * * *
The acid corrodes you! The boulder beetle closely misses you.
The deep elf pyromancer gestures wildly while chanting.
The deep elf pyromancer blinks!
Unknown command.
Casting: Blink (safe; 2% risk of failure)
Confirm with . or Enter, or press ? or * to list all spells.
Aiming: Mephitic Cloud (safe; 1% risk of failure)
Press: ? - help, Shift-Dir - straight line, f - redback, p - Frances
Aim: a redback shaped shifter (chance to affect: 58%)
The ball explodes into a vile cloud!
The stinking cloud engulfs the redback but does no damage.
The stinking cloud engulfs the tengu warrior but does no damage.
The stinking cloud engulfs the brown ugly thing but does no damage.
The stinking cloud engulfs the boulder beetle but does no damage.
You feel stable enough to blink again.
The redback is engulfed in noxious fumes.
The redback appears confused.
The boulder beetle is engulfed in noxious fumes.
The boulder beetle hits you!!!
Ouch! That really hurt!
You die...

#.#
#...###†.
.. #.#
##<......
....##'###
#######.
.....@D§)#
...e.))..#
#..#)..§u#
#...).s☼§#
..###.Q☼B#
# #.#B@#
#.....#
...p..#.#
#.##.. ..
. #.# #..
.. .#. .#.
...#


You could see Frances (confused), a death knight, 2 boulder beetles, a brown
ugly thing, a tengu warrior, a deep elf pyromancer, an acid dragon (catching
breath) and a redback shaped shifter (confused).

Vanquished Creatures
  Jorgrun (D:12)
  A fire dragon (D:12)
  An ogre mage (D:12)
  9 two-headed ogres
  2 centaur warriors (D:13)
  2 tengu warriors (D:13)
  4 skeletal warriors (D:12)
  A deep elf pyromancer (D:12)
  2 ugly things
  A cyclops (D:11)
  2 manticores
  A gargoyle (D:10)
  An unseen horror (D:12)
  A kobold demonologist (D:13)
  2 trolls
  A hornet (D:11)
  Sigmund (D:4)
  2 shadows
  13 yaks
  3 wyverns (D:11)
  4 vampire mosquitoes (D:12)
  3 steam dragons
  A warg (D:11)
  6 water moccasins
  An acid dragon (D:11)
  20 orc warriors
  A sky beast (D:5)
  3 black bears
  3 ogres
  28 centaurs
  4 phantoms
  A gnoll sergeant (D:9)
  4 bullfrogs
  5 scorpions
  9 wights (D:7)
  10 howler monkeys
  3 hounds
  2 jellies
  13 orc priests
  Natasha (thrice) (D:4)
  4 iguanas
  22 orc wizards
  7 gnolls
  16 adders
  2 ufetubi
  3 worms
  4 dart slugs
  78 orcs
  4 ball pythons
  12 bats
  5 endoplasms
  5 giant cockroaches
  11 goblins
  5 hobgoblins
  7 kobolds
  7 quokkas
  A frilled lizard (D:2)
  8 rats
376 creatures vanquished.

Vanquished Creatures (collateral kills)
  Maggie (D:7)
  A sleepcap (D:5)
  2 orcs
  An endoplasm (D:4)
5 creatures vanquished.

Vanquished Creatures (others)
  392 foxfires
392 creatures vanquished.

Grand Total: 773 creatures vanquished

Notes
Turn   | Place    | Note
-------+----------+-------------------------------------------
     0 | D:1      | pokeman the Deep Elf Hedge Wizard began the quest for the
                  | Orb.
     0 | D:1      | Reached XP level 1. HP: 10/10 MP: 7/7
   396 | D:1      | Reached XP level 2. HP: 16/16 MP: 5/9
  1245 | D:2      | Reached skill level 5 in Spellcasting
  1247 | D:2      | Reached XP level 3. HP: 20/20 MP: 2/11
  1251 | D:2      | Learned a level 3 spell: Mephitic Cloud
  1254 | D:2      | Learned a level 2 spell: Call Imp
  1257 | D:2      | Learned a level 2 spell: Blink
  1434 | D:2      | Reached skill level 1 in Fighting
  1628 | D:2      | Reached skill level 1 in Armour
  2185 | D:2      | Reached XP level 4. HP: 21/25 MP: 7/13
  2744 | D:3      | Found an iron altar of Okawaru.
  3037 | D:3      | Reached skill level 6 in Spellcasting
  3044 | D:3      | Reached XP level 5. HP: 20/29 MP: 1/15
  3238 | D:3      | Found an ornate altar of the Wu Jian Council.
  3307 | D:3      | Found a hazy altar of Hepliaklqana.
  3507 | D:3      | Found a faded altar of an unknown god.
  3666 | D:4      | Noticed a phantom
  3676 | D:4      | Reached skill level 1 in Air Magic
  3676 | D:4      | Reached skill level 1 in Poison Magic
  3676 | D:4      | Reached skill level 1 in Evocations
  3828 | D:4      | Found a sacrificial altar of Ru.
  4006 | D:4      | Noticed Natasha
  4010 | D:4      | Killed Natasha
  4011 | D:4      | Reached XP level 6. HP: 34/34 MP: 13/17
  4212 | D:4      | Noticed Natasha
  4224 | D:4      | Killed Natasha
  4273 | D:4      | Reached skill level 7 in Spellcasting
  4546 | D:4      | Reached XP level 7. HP: 28/40 MP: 14/20
  4577 | D:4      | Reached skill level 8 in Spellcasting
  4776 | D:4      | Noticed Sigmund
  4780 | D:4      | Found a staircase to the Ecumenical Temple.
  4791 | D:4      | Killed Sigmund
  4826 | D:4      | Noticed Natasha
  4831 | D:4      | Killed Natasha
  4849 | Temple   | Entered the Ecumenical Temple
  5135 | D:4      | Found Cawups's Assorted Antiques.
  5139 | D:4      | Bought 2 blue potions for 37 gold pieces
  5139 | D:4      | Bought a bubbling green potion for 18 gold pieces
  5243 | D:5      | Entered Level 5 of the Dungeon
  5351 | D:5      | Reached skill level 9 in Spellcasting
  5494 | D:5      | Reached XP level 8. HP: 29/44 MP: 23/23
  5718 | D:5      | Reached skill level 5 in Conjurations
  6016 | D:5      | Reached skill level 10 in Spellcasting
  6606 | D:5      | Reached skill level 1 in Shields
  6697 | D:5      | Reached skill level 11 in Spellcasting
  6806 | D:6      | Reached XP level 9. HP: 24/48 MP: 20/26
  7492 | D:6      | Found Woneim's Weapon Shoppe.
  7794 | D:7      | Noticed Maggie
  7812 | D:7      | Reached skill level 12 in Spellcasting
  7830 | D:7      | Killed Maggie
  7900 | D:7      | Found a burning altar of Makhleb.
  8369 | D:7      | Reached skill level 13 in Spellcasting
  8922 | D:7      | Reached XP level 10. HP: 33/55 MP: 28/29
  9111 | D:7      | Found a radiant altar of Vehumet.
  9115 | D:7      | Became a worshipper of Vehumet
  9415 | D:8      | Found a sparkling altar of Nemelex Xobeh.
  9632 | D:8      | Reached skill level 14 in Spellcasting
  9793 | D:9      | Noticed a two-headed ogre
 10372 | D:9      | Found Afops's Antique Armour Boutique.
 10494 | D:9      | Reached * piety under Vehumet
 10494 | D:9      | Offered knowledge of Foxfire by Vehumet.
 10497 | D:9      | Killed a two-headed ogre
 10500 | D:9      | Learned a level 1 spell: Foxfire
 10573 | D:9      | Bought a shiny helmet for 217 gold pieces
 10613 | D:9      | Identified the +0 scale mail "Xiateos" {rPois rN+ rCorr
                  | Slay+5}
 10914 | D:9      | Reached skill level 15 in Spellcasting
 10914 | D:9      | Reached skill level 1 in Fire Magic
 11080 | D:10     | Entered Level 10 of the Dungeon
 11147 | D:10     | Found a flagged portal.
 11160 | Bailey   | Entered a bailey
 11702 | Bailey   | Reached ** piety under Vehumet
 11772 | Bailey   | Offered knowledge of Static Discharge by Vehumet.
 11980 | Bailey   | Reached XP level 11. HP: 51/61 MP: 32/32
 12125 | Bailey   | Got Purotser's Vellum of the Wyrd
 12290 | Bailey   | Acquired Qovui's Disquisition on the Mighty Sixfirhy
 12298 | Bailey   | Learned a level 5 spell: Fireball
 12306 | Bailey   | Learned a level 7 spell: Orb of Destruction
 12496 | D:10     | Noticed a two-headed ogre
 12504 | D:10     | Killed a two-headed ogre
 12895 | D:10     | Reached skill level 16 in Spellcasting
 13491 | D:11     | Offered knowledge of Momentum Strike by Vehumet.
 13777 | D:11     | Reached *** piety under Vehumet
 13945 | D:11     | Found a staircase to the Orcish Mines.
 14036 | D:11     | Identified the +0 pair of boots "Sacatseo" {rN+ Str+5}
 14177 | D:11     | Reached skill level 10 in Conjurations
 14184 | D:11     | Reached skill level 5 in Fire Magic
 14289 | D:11     | Reached skill level 17 in Spellcasting
 14296 | D:11     | Found a staircase to the Lair.
 14299 | D:11     | Offered knowledge of Iskenderun's Mystic Blast by Vehumet.
 14305 | D:11     | Learned a level 4 spell: Iskenderun's Mystic Blast
 15142 | D:12     | Noticed a deep elf pyromancer
 15144 | D:12     | Killed a deep elf pyromancer
 15148 | D:12     | Noticed a skeletal warrior
 15170 | D:12     | Noticed Jorgrun
 15334 | D:12     | Noticed a two-headed ogre
 15335 | D:12     | Noticed a two-headed ogre
 15335 | D:12     | Noticed a two-headed ogre
 15336 | D:12     | Noticed a two-headed ogre
 15336 | D:12     | Noticed a two-headed ogre
 15337 | D:12     | Killed a two-headed ogre
 15337 | D:12     | Noticed a two-headed ogre
 15338 | D:12     | Reached XP level 12. HP: 66/66 MP: 35/35
 15338 | D:12     | Killed a two-headed ogre
 15338 | D:12     | Killed a two-headed ogre
 15338 | D:12     | Killed a two-headed ogre
 15338 | D:12     | Noticed an ogre mage
 15339 | D:12     | Reached skill level 5 in Shields
 15339 | D:12     | Noticed a two-headed ogre
 15340 | D:12     | Killed a two-headed ogre
 15340 | D:12     | Killed a two-headed ogre
 15342 | D:12     | Killed an ogre mage
 15343 | D:12     | Reached skill level 18 in Spellcasting
 15345 | D:12     | Killed a two-headed ogre
 15345 | D:12     | Reached **** piety under Vehumet
 15538 | D:12     | Noticed a fire dragon
 15593 | D:12     | Killed a fire dragon
 15607 | D:12     | Killed Jorgrun
 15806 | D:12     | Offered knowledge of Iskenderun's Battlesphere by Vehumet.
 15813 | D:12     | Learned a level 5 spell: Iskenderun's Battlesphere
 16160 | D:12     | Acquired 493 gold pieces
 16176 | D:12     | Reached skill level 19 in Spellcasting
 16544 | D:13     | Noticed a catoblepas
 16576 | D:13     | Noticed a centaur warrior
 16581 | D:13     | Killed a centaur warrior
 16658 | D:13     | Reached XP level 13. HP: 70/70 MP: 38/38
 16702 | D:13     | Learned a level 8 spell: Ignition
 16740 | D:13     | Reached ***** piety under Vehumet
 16744 | D:13     | Offered knowledge of Plasma Beam by Vehumet.
 16809 | D:13     | Noticed Frances
 16815 | D:13     | Paralysed by a floating eye for 3 turns
 16821 | D:13     | Annihilated by a boulder beetle

Illustrated notes

Levels and vault maps discovered:
D:1:      sevenhm_arrival_forest_fort_large_4, layout_loops_ring
D:2:      minmay_alternating_diamond, layout_loops_cross
D:3:      layout_basic, nicolae_wu_jian_immortal_techniques,
          okawaru_altar_gauntlet_db, mainiacjoe_overflow_paths,
          hellmonk_ecumenical_altar_zigzags, serial_bayou, serial_bayou_ford_a,
          serial_bayou_lagoon_b, serial_bayou_lake_a, serial_bayou_lagoon_a,
          serial_bayou_shore_b
D:4:      layout_rooms, nicolae_ru_awakened_eye, temple_doors_e, serial_shops,
          nicolae_shop_back_alley_shop, uniq_sigmund, uniq_natasha
D:5:      layout_gridville
D:6:      cheibrodos_helix_gallery, layout_basic, serial_shops,
          nicolae_lakefront_shop
D:7:      layout_cave_pools, mainiacjoe_overflow_six_doors_small,
          mainiacjoe_overflow_brackets, uniq_maggie
D:8:      layout_rooms, mainiacjoe_overflow_surrounded_room,
          lemuel_flamethrower_1
D:9:      layout_cave_pools, serial_shops, nicolae_shop_trees, minmay_orc_keep
D:10:     layout_loops_ring, enter_bailey_5
D:11:     layout_stronghold, minmay_lair_entry_grove, david_orc_1_choice
D:12:     old_forge, layout_cave_pools, uniq_jorgrun
D:13:     nicolae_fronds_of_death, layout_basic, nicolae_shop_i_like_big_books,
          minmay_fractal_squares_5, uniq_frances
Temple:   nicolae_temple_bog_church

Skill      XL: |  1  2  3  4  5  6  7  8  9 10 11 12 |
---------------+-------------------------------------+-----
Spellcasting   | 5 6 7 9 11 13 15 17 19 | 19.3
Fighting       | 1 2 3 4 |  4.0
Armour         | 1 2 3 4 |  4.0
Conjurations   | 2 3 4 6 7 9 10 11 | 11.6
Stealth        | 3 |  3.0
Dodging        | 3 |  3.0
Air Magic      | 1 |  1.0
Poison Magic   | 1 |  1.1
Evocations     | 1 |  1.0
Shields        | 1 3 4 6 |  6.5
Fire Magic     | 2 5 7 |  7.9
Summonings     | |  1.1
Translocations | |  1.1

Action                     |  1- 3 |  4- 6 |  7- 9 | 10-12 | 13-15 || total
---------------------------+-------+-------+-------+-------+-------++-------
  Melee: Dagger            |     2 |   101 |   135 |   157 |       ||   395
         Punch             |       |     1 |       |     7 |       ||     8
         Staff             |       |       |       |       |     1 ||     1
   Cast: Magic Dart        |    99 |   112 |   295 |    75 |       ||   581
         Mephitic Cloud    |     2 |    17 |    39 |    47 |     3 ||   108
         Call Imp          |       |     3 |     8 |     3 |       ||    14
         Blink             |       |     1 |     5 |     5 |     2 ||    13
         Foxfire           |       |       |       |   207 |       ||   207
         Fireball          |       |       |       |   146 |    11 ||   157
         Orb of Destructio |       |       |       |     4 |       ||     4
  Evoke: Wand              |       |       |       |     3 |       ||     3
    Use: Scroll            |       |       |       |    15 |     1 ||    16
   Stab: Confused          |     1 |     8 |    24 |    19 |       ||    52
 Armour: Robe              |     3 |    19 |    62 |    23 |       ||   107
         Acid dragon scale |       |       |       |    31 |     1 ||    32
  Dodge: Dodged            |    12 |    82 |   178 |   110 |     2 ||   384

Table legend: (Time is in decaauts)
 A = Elapsed time spent in this place.
 B = Non-inter-level travel time spent in this place.
 C = Inter-level travel time spent in this place.
 D = Time resting spent in this place.
 E = Time spent auto-exploring this place.
 F = Levels seen in this place.
 G = Mean time per level.
                   A        B        C        D        E       F      G
               +--------+--------+--------+--------+--------+-----+--------+
         Total |  16900 |  15920 |    980 |   1742 |  10994 |  15 | 1126.7 |
       Dungeon |  15494 |  14536 |    958 |   1742 |  10039 |  13 | 1191.8 |
        Temple |    246 |    224 |     22 |      0 |    181 |   1 |  246.0 |
        Bailey |   1159 |   1159 |      0 |      0 |    774 |   1 | 1159.0 |
               +--------+--------+--------+--------+--------+-----+--------+

Top non-repeatable levels by time:
    D:11: 2374 daAuts
     D:5: 1587 daAuts
     D:4: 1423 daAuts
     D:2: 1322 daAuts
     D:6: 1313 daAuts
     D:3: 1250 daAuts
  Bailey: 1159 daAuts
     D:8: 1128 daAuts
     D:1: 1100 daAuts
     D:7: 1060 daAuts
    D:10: 917 daAuts
    D:12: 906 daAuts
     D:9: 863 daAuts
    D:13: 247 daAuts
  Temple: 246 daAuts
